 Dungeon Crawl Stone Soup version 0.27.0-1-g7a089689b8 (webtiles) character file.

Game seed: 4797746154452790304

11483 VictoriousLee the Cleaver (level 11, -14/64 HPs)
             Began as a Gargoyle Monk on Aug 10, 2021.
             Was an Elder of the Shining One.
             Killed from afar by a wretched star (31 damage)
             ... with a lance of force
             ... on level 3 of the Abyss.
             The game lasted 00:57:52 (12319 turns).

VictoriousLee the Cleaver (Gargoyle Monk)          Turns: 12319, Time: 00:57:53

Health: -14/64     AC: 18    Str: 19    XL:     11   Next: 78%
Magic:  3/14       EV: 12    Int:  5    God:    the Shining One [****..]
Gold:   546        SH:  6    Dex: 21    Spells: 7/10 levels left

rFire    + + .     SeeInvis .   D - +2 flail (protect)
rCold    + . .     Faith    .   z - +0 buckler
rNeg     + + +     Spirit   .   X - +7 ring mail "Ulehia Ygore" {rF+}
rPois    ∞         Reflect  .   c - +0 helmet
rElec    +         Harm     .   (no cloak)
rCorr    .         Rampage  .   (no gloves)
Will     .....     Rnd*Rage +   (no boots)
Stlth    +.........             (no amulet)
HPRegen  0.20/turn              I - ring of protection from fire
MPRegen  0.14/turn              x - ring "Lyamo" {rC+ rN++ Int-5 Dex+9}

@: unable to read, glowing
A: sickness immunity, AC +8, negative energy resistance 1, electricity
resistance, torment resistance 1, petrification resistance, deformed body,
[berserk 2], [low mp 2], [subdued magic 2], [inability to read while threatened]
a: Renounce Religion, Divine Shield, Cleansing Flame


You were on level 3 of the Abyss.
You worshipped the Shining One.
The Shining One was greatly pleased with you.
You visited 2 branches of the dungeon, and saw 11 of its levels.
You visited the Abyss 1 time.
You also visited: Sewer.

You collected 546 gold pieces.

Inventory:

Hand Weapons
 a - a +3 great mace of holy wrath
 f - a +0 hand crossbow
 l - a +0 whip of flaming
 p - a +0 hand axe
 v - a +0 dagger of electrocution
 B - a +0 morningstar
 D - a +2 flail of protection (weapon)
 H - a +2 flail of protection
 M - a +2 dagger of venom
 T - a +3 scimitar of flaming
Missiles
 d - 5 throwing nets
 e - 422 stones
 h - 128 bolts
 k - 126 arrows
 A - 68 poisoned darts (quivered)
 V - a curare-tipped dart
Armour
 b - the +5 leather armour of Polish {rF+}
   (You found it on level 6 of the Dungeon)

   rF:        It protects you from fire.
 c - a +0 helmet (worn)
 y - +1 steam dragon scales
 z - a +0 buckler (worn)
 C - a +2 robe of willpower
 E - a +2 kite shield
 U - a +1 ring mail of poison resistance
 W - a +0 plate armour
 X - the +7 ring mail "Ulehia Ygore" (worn) {rF+}
   (You found it on level 10 of the Dungeon)

   rF:        It protects you from fire.
Jewellery
 u - a +6 ring of intelligence
 x - the ring "Lyamo" (right hand) {rC+ rN++ Int-5 Dex+9}
   (You found it on level 6 of the Dungeon)

   [ring of protection from cold]

   Int:       It affects your intelligence (-5).
   Dex:       It affects your dexterity (+9).
   rC:        It protects you from cold.
   rN:        It greatly protects you from negative energy.
 I - a ring of protection from fire (left hand)
 Q - an amulet of guardian spirit
Wands
 j - a wand of mindburst (8)
 w - a wand of iceblast (9)
 J - a wand of flame (55)
 R - a wand of polymorph (11)
 S - a wand of acid (5)
Scrolls
 m - 2 scrolls of enchant armour
 r - 8 scrolls of teleportation
 t - a scroll of identify
 F - a scroll of blinking {unknown}
 P - a scroll of magic mapping
Potions
 g - 4 potions of heal wounds {unknown}
 i - 2 potions of flight
 n - a potion of haste {unknown}
 o - 3 potions of curing
 q - 5 potions of mutation
 s - a potion of cancellation {unknown}
 G - 3 potions of invisibility {unknown}
 K - 3 potions of brilliance {unknown}
 L - a potion of lignification {unknown}
 N - a potion of degeneration {unknown}
 O - 2 potions of attraction


   Skills:
 * Level 5.2 Fighting
 - Level 12.5(13.9) Axes
 - Level 11.4(14.0) Maces & Flails
 - Level 2.4 Dodging
 - Level 2.1 Stealth
 - Level 5.0 Shields
 + Level 9.1 Invocations


You had 7 spell levels left.
You knew the following spells:

 Your Spells              Type           Power      Damage    Failure   Level
a - Passwall              Tmut/Erth      0%         N/A       73%         2
b - Sandblast             Erth           0%         2d4       58%         1

Your spell library contained the following spells:

 Spells                   Type           Power      Damage    Failure   Level
 Animate Skeleton         Necr           0%         N/A       58%         1
 Apportation              Tloc           0%         N/A       58%         1
 Corona                   Hex            0%         N/A       58%         1
 Summon Small Mammal      Summ           0%         N/A       58%         1
 Ensorcelled Hibernation  Hex/Ice        0%         N/A       73%         2
 Lesser Beckoning         Tloc           0%         N/A       92%         3
 Portal Projectile        Hex/Tloc       0%         N/A       92%         3
 Tukima's Dance           Hex            0%         N/A       92%         3
 Leda's Liquefaction      Hex/Erth       0%         N/A       100%        4
 Blade Hands              Tmut           0%         N/A       100%        5
 Excruciating Wounds      Necr           0%         N/A       100%        5
 Lee's Rapid Deconstruct  Erth           0%         3d5*      100%        5
 Conjure Ball Lightning   Conj/Air       0%         3x3d6     100%        6
 Malign Gateway           Summ/Tloc      0%         N/A       100%        7
 Discord                  Hex            0%         N/A       100%        8
 Disjunction              Tloc           0%         N/A       100%        8
 Chain Lightning          Conj/Air       0%         N/A       100%        9
 Fire Storm               Conj/Fire      0%         5d1       100%        9


Dungeon Overview and Level Annotations

Branches:
Dungeon (10/15)            Temple (1/1) D:4           Sewer (visited)
   Lair: D:8-11         Orc: D:9-12

Altars:
Ashenzari
Cheibriados
Dithmenos
Elyvilon
Fedhas
Hepliaklqana
Kikubaaqudgha
Makhleb
Nemelex Xobeh
Okawaru
Qazlal
Ru
Sif Muna
Trog
Uskayaw
Vehumet
Wu Jian
Xom
Yredelemnul
Zin
The Shining One

Shops:
D:5 (

Annotations:
D:10 Erolcha


Innate Abilities, Weirdness & Mutations

You are immune to sickness and miasma.
Your stone body is resilient. (AC +8)
You are immune to poison.
You resist negative energy. (rN+)
You are resistant to electric shocks. (rElec)
You are resistant to unholy torment.
You are immune to petrification.
Armour fits poorly on your strangely shaped body.
[You often lose your temper in combat.]
[Your magical capacity is very low. (-20% MP)]
[Your spells are easier to cast, but less powerful.]
[You sometimes lose the ability to read scrolls when taking damage.]


Message History

You destroy the small abomination!
The Shining One accepts your kill.
You feel better.
You feel your power returning.
The golden flame engulfs the eye of devastation!!
The eye of devastation is heavily wounded.
The eye of devastation turns its gaze towards you.
The wretched star pulses with an eldritch light!
You feel a little pissed off.
You feel angry.
You enter the shallow water.
Moving in this stuff is going to be slow.
You hit the eye of devastation but do no damage.
Your weapon exudes an aura of protection.
The eye of devastation is moderately wounded.
Okay, then.
You hit the eye of devastation but do no damage.
The eye of devastation is moderately wounded.
You hit the eye of devastation but do no damage.
The eye of devastation is moderately wounded.
The eye of devastation gazes at you. The bolt of energy hits you!
You feel threatened and lose the ability to read scrolls!
You enter the shallow water.
Moving in this stuff is going to be slow.
The ynoxinul bellows!
The wretched star glows turbulently.
The lance of force hits you!
You are knocked back by the lance of force.
You violently stop moving!
* * * LOW HITPOINT WARNING * * *
Splash!
You fall into the shallow water.
Moving in this stuff is going to be slow.
The ynoxinul gestures.
Okay, then.
The wretched star pulses with an eldritch light!
You feel less energetic. x2; Your connection to magic feels subdued.
Your connection to magic feels more subdued.
The wretched star glows turbulently.
The lance of force hits you!!
You die...

##.#..#≈≈.#..
#§####.≈≈##.≈≈≈≈≈≈♣
#..#.♣≈≈..≈≈≈≈≈##≈#
≈...≈5≈≈#≈.#....# .
≈..#≈.3#.≈..##≈≈≈
..≈≈≈5.*G### # #..
≈≈#.≈≈.## ..
.≈≈#.≈5≈≈### ≈.
#.≈≈≈@..# #..####.#
### ... ..# .# .#


You could see a wretched star, a ynoxinul and 3 ufetubi.

Vanquished Creatures
  Harold (D:8)
  2 boulder beetles (D:9)
  Erica (D:8)
  Pikel (D:8)
  A worldbinder (Abyss:1)
  Joseph (D:8)
  Maggie (D:10)
  A smoke demon (Abyss:3)
  Psyche (D:8)
  A troll (D:10)
  Grinder (D:6)
  A hornet (D:8)
  A wraith (D:9)
  5 yaks (D:9)
  Sigmund (D:6)
  A wyvern (D:9)
  A steam dragon (D:8)
  A neqoxec (Abyss:3)
  Edmund (D:6)
  A water moccasin (D:6)
  Duvessa (D:7)
  2 small abominations (Abyss:3)
  An ice beast (D:6)
  2 orc warriors
  A sky beast (D:6)
  A necrophage (D:6)
  3 black bears
  2 ogres (D:6)
  A lemure (D:8)
  6 kobold brigands
  A phantom (D:6)
  A bullfrog (D:7)
  3 scorpions
  A wyvern zombie (D:8)
  Dowan (D:7)
  A wyvern skeleton (D:7)
  7 killer bees
  3 wights (D:9)
  A howler monkey (D:8)
  An electric eel (D:8)
  5 centaur zombies
  A lava snake (D:7)
  5 orc priests
  3 hounds (D:5)
  3 bullfrog zombies
  A gnoll shaman (D:7)
  An iron imp (Abyss:3)
  2 jellies (D:6)
  2 centaur skeletons
  Jessica (D:3)
  Terence (D:3)
  An iguana (D:4)
  15 orc wizards
  A killer bee zombie (D:8)
  2 howler monkey zombies
  8 gnolls
  8 adders
  6 river rats (Sewer)
  4 white imps
  An adder skeleton (D:4)
  2 worms
  A dart slug (D:1)
  27 orcs
  7 bats
  5 endoplasms
  7 giant cockroaches
  9 goblins
  A hobgoblin (D:1)
  10 jackals
  2 quokkas
  13 ball pythons
  8 frilled lizards
  36 kobolds
  28 rats
  A bush (D:2)
293 creatures vanquished.

Vanquished Creatures (others)
  7 fungi (D:4)
  3 plants (D:2)
10 creatures vanquished.

Grand Total: 303 creatures vanquished

Notes
Turn   | Place    | Note
-------+----------+-------------------------------------------
     0 | D:1      | VictoriousLee the Gargoyle Monk began the quest for the
                  | Orb.
     0 | D:1      | Reached XP level 1. HP: 14/14 MP: 1/1
    37 | D:1      | Found a faded altar of an unknown god.
   156 | D:1      | Reached XP level 2. HP: 8/19 MP: 2/2
   655 | D:1      | Reached XP level 3. HP: 22/23 MP: 3/3
  1745 | D:2      | Reached XP level 4. HP: 25/28 MP: 4/4
  2267 | D:3      | Noticed Jessica
  2293 | D:3      | Killed Jessica
  2294 | D:3      | Reached skill level 5 in Maces & Flails
  2431 | D:3      | Found a snail-covered altar of Cheibriados.
  2787 | D:3      | Noticed Terence
  2805 | D:3      | Killed Terence
  2806 | D:3      | Reached skill level 2 in Axes
  2806 | D:3      | Reached XP level 5. HP: 21/32 MP: 5/5
  3382 | D:4      | Found a staircase to the Ecumenical Temple.
  3391 | Temple   | Entered the Ecumenical Temple
  3591 | Temple   | Became a worshipper of the Shining One
  3591 | Temple   | Reached * piety under the Shining One
  3591 | Temple   | Reached ** piety under the Shining One
  3671 | D:4      | Noticed a black bear
  3687 | D:4      | Reached skill level 3 in Axes
  3692 | D:4      | Killed a black bear
  3693 | D:4      | Reached skill level 4 in Axes
  3693 | D:4      | Reached skill level 1 in Shields
  3693 | D:4      | Reached XP level 6. HP: 34/37 MP: 6/6
  4185 | D:4      | Reached skill level 1 in Invocations
  4191 | D:4      | Reached skill level 5 in Axes
  4338 | D:5      | Entered Level 5 of the Dungeon
  4903 | D:4      | Reached XP level 7. HP: 32/41 MP: 8/8
  5026 | D:5      | Found an iron altar of Okawaru.
  5107 | D:5      | Reached skill level 6 in Axes
  5270 | D:5      | Got the Guide on Warped Earth
  5325 | D:5      | Reached skill level 7 in Axes
  5476 | D:5      | Found Ruigynoa's Antique Weapon Emporium.
  5566 | D:5      | Found a hide-covered altar of Uskayaw.
  5652 | D:6      | Reached XP level 8. HP: 24/46 MP: 6/10
  5675 | D:6      | Reached skill level 8 in Axes
  5790 | D:6      | Identified the +5 leather armour of Polish {rF+}
  5885 | D:6      | Learned a level 2 spell: Passwall
  5890 | D:6      | Found a glowing drain.
  5896 | Sewer    | Entered a sewer
  6222 | Sewer    | Reached skill level 9 in Axes
  6609 | D:6      | Identified the ring "Lyamo" {rC+ rN++ Int-5 Dex+9}
  6612 | D:6      | Noticed Edmund
  6642 | D:6      | Killed Edmund
  6643 | D:6      | Reached skill level 5 in Invocations
  6651 | D:6      | Reached skill level 10 in Axes
  6783 | D:6      | Reached XP level 9. HP: 51/51 MP: 11/13
  6856 | D:6      | Noticed Sigmund
  6870 | D:6      | Reached *** piety under the Shining One
  6880 | D:6      | Killed Sigmund
  7018 | D:6      | Noticed Grinder
  7040 | D:6      | Killed Grinder
  7041 | D:6      | Reached skill level 11 in Axes
  7041 | D:6      | Reached skill level 5 in Shields
  7183 | D:7      | Noticed Dowan
  7183 | D:7      | Noticed Duvessa
  7203 | D:7      | Killed Duvessa
  7210 | D:7      | Killed Dowan
  7211 | D:7      | Reached skill level 12 in Axes
  7304 | D:7      | Learned a level 1 spell: Sandblast
  7623 | D:7      | Reached **** piety under the Shining One
  7674 | D:7      | Found a stormy altar of Qazlal.
  7752 | D:7      | Found a hazy altar of Hepliaklqana.
  7984 | D:8      | Noticed Pikel
  8024 | D:8      | Reached XP level 10. HP: 41/56 MP: 15/15
  8581 | D:8      | Noticed Psyche
  8664 | D:8      | Killed Psyche
  8733 | D:8      | Noticed Erica
  8747 | D:8      | Killed Erica
  8761 | D:8      | Noticed Harold
  8794 | D:8      | Killed Harold
  9000 | D:8      | Killed Pikel
  9212 | D:8      | Noticed Joseph
  9241 | D:8      | Killed Joseph
  9700 | D:9      | Reached XP level 11. HP: 49/60 MP: 17/17
  9858 | D:9      | Noticed a boulder beetle
 10440 | D:9      | Noticed a boulder beetle
 10474 | D:9      | Killed a boulder beetle
 10475 | D:9      | Reached skill level 10 in Maces & Flails
 10805 | D:9      | Killed a boulder beetle
 11184 | D:10     | Entered Level 10 of the Dungeon
 11305 | D:10     | Identified the +7 ring mail "Ulehia Ygore" {rF+}
 11386 | D:10     | Noticed Maggie
 11400 | D:10     | Killed Maggie
 12014 | D:10     | Noticed Erolcha
 12136 | D:10     | Cast into level 1 of the Abyss (Erolcha)
 12181 | Abyss:1  | Noticed a worldbinder
 12203 | Abyss:1  | Noticed a deep elf knight
 12206 | Abyss:1  | Noticed a deep elf zephyrmancer
 12206 | Abyss:1  | Noticed a deep elf pyromancer
 12208 | Abyss:1  | Noticed a lich
 12213 | Abyss:1  | Noticed a deep elf pyromancer
 12213 | Abyss:1  | Noticed a deep elf zephyrmancer
 12216 | Abyss:1  | Killed a worldbinder
 12234 | Abyss:2  | Noticed a starcursed mass
 12240 | Abyss:2  | Paralysed by accursed screaming for 1 turns
 12245 | Abyss:2  | Paralysed by accursed screaming for 1 turns
 12297 | Abyss:3  | Reached skill level 5 in Fighting
 12299 | Abyss:3  | Gained mutation: Armour fits poorly on your strangely
                  | shaped body. [a neqoxec]
 12305 | Abyss:3  | Noticed a wretched star
 12319 | Abyss:3  | Killed from afar by a wretched star

Illustrated notes

Levels and vault maps discovered:
D:1:      wheals_arrival_shading, layout_loops_ring,
          chequers_ecumenical_altar_island, minmay_box_of_dots
D:2:      minmay_skewed_foursquare, layout_loops_ring, serial_forest,
          infiniplex_forest_end_1, infiniplex_forest_clump_small,
          infiniplex_forest_lined_1, infiniplex_forest_lined_2,
          infiniplex_forest_lined_ring, infiniplex_forest_end_double,
          bh_walls_and_bars
D:3:      layout_rooms, slow_altar_1, hangedman_abyss_or_decor_stabs,
          uniq_terence, uniq_jessica
D:4:      layout_loops_corners, minmay_temple_entry_antechambers,
          serial_aquarium, aquarium_bridge_square [aquarium_subvault_wall,
          aquarium_subvault_bridge, aquarium_subvault_window,
          aquarium_subvault_window], aquarium_window_1, aquarium_window_corner,
          aquarium_window_fake, aquarium_window_corner, aquarium_view_2d,
          aquarium_view_2e, aquarium_pool_double
D:5:      layout_rooms, mainiacjoe_overflow_catwalk, nicolae_uskayaw_suspiria,
          serial_shops, kennysheep_little_box
D:6:      layout_rooms, portal_sewer_entry_e, minmay_unpleasant_kobolds,
          uniq_grinder, uniq_sigmund, uniq_edmund
D:7:      layout_rooms, grunt_qazlal_sundering, nicolae_overflow_hidden_temple,
          kennysheep_dice, uniq_duvessa
D:8:      layout_cave_pods, serial_park, serial_park_fountain,
          serial_park_avenue1, serial_park_gazebo [serial_park_minivault_5x5_7],
          uniq_harold, uniq_joseph, uniq_pikel, uniq_erica, uniq_psyche
D:9:      layout_roguey, roderic_serpentine_path, minmay_crystal_room,
          nicolae_two_hexagons, nzn_sisyphean_effort
D:10:     layout_loops_ring, lemuel_round_altar, lair_entry_dummy, david_orc_3,
          kennysheep_nondescript, uniq_erolcha, uniq_maggie
Temple:   eino_temple_rhombus
Abyss:3:  base: D:1, lemuel_flamethrower_2, grunt_abyss_rune_wretched_hive,
          minivault_25_ag, minivault_27, grunt_abyss_rune_forest_and_sorcery

Skill      XL: |  1  2  3  4  5  6  7  8  9 10 11 |
---------------+----------------------------------+-----
Maces & Flails | 4 5 9 11 | 11.4
Axes           | 2 4 5 7 10 12 | 12.5
Shields        | 1 2 3 4 5 |  5.0
Invocations    | 1 3 5 7 8 9 |  9.1
Fighting       | 5 |  5.2
Dodging        | |  2.4
Stealth        | |  2.1

Action                   |  1- 3 |  4- 6 |  7- 9 | 10-12 || total
-------------------------+-------+-------+-------+-------++-------
Melee: Mace              |   148 |   279 |    30 |       ||   457
       Flail             |       |       |   405 |   405 ||   810
       Unarmed           |       |       |       |     4 ||     4
Throw: Dart              |       |       |    25 |    24 ||    49
Invok: Divine Shield     |       |       |     1 |     8 ||     9
       Cleansing Flame   |       |       |       |     4 ||     4
Evoke: Wand              |       |       |       |     6 ||     6
  Use: Scroll            |       |     3 |     8 |     2 ||    13
       Potion            |       |       |     2 |     5 ||     7
 Stab: Sleeping          |     5 |     1 |       |       ||     6
Armor: Robe              |    31 |       |       |       ||    31
       Ring mail         |    35 |    13 |       |    47 ||    95
       Scale mail        |       |    61 |    42 |       ||   103
       Leather armour    |       |       |   145 |    88 ||   233
       Skin              |       |       |       |     1 ||     1
Dodge: Dodged            |    97 |    92 |   202 |   172 ||   563
Block: Buckler           |       |    14 |   106 |    95 ||   215
